AoeStats
← iaa4e

Black Forest

508274768Analyzed
4v4 RM · 11d ago on Sep 21, 2026· 17m 1s· 8 players
Game mode
Random Map
Map size
Large (8 player)
Population
200
Speed
Normal
Resources
Standard
Victory
Conquest
Starting age
Dark Age
Ending age
Imperial Age
RankedLock teamsTeams togetherTeam positionsShared explorationLock speedFull tech treeHidden civsTurbo modeCheats
Victory
Defeat
🇮🇹 Britons · Italy
1277
+14
🇷🇴 Celts · Romania
1265
+14
🇨🇳 Persians · China
1234
+15
🇮🇶 Tatars · Iraq
1190
+17
🇫🇮 Mongols · Finland
1247
-16
🇩🇪 Franks · Germany
1228
-15
🇫🇮 Vietnamese · Finland
1212
-15
🇫🇷 Goths · France
1203
-14
Finarfin
4:17 Loom
8:54 Feudal Age
10:21 Wheelbarrow
9:14 Man-at-Arms
10:14 Arson
11:57 Double-Bit Axe
12:22 Horse Collar
14:36 Town Watch
Insondable Boeuf
9:32 Loom
12:50 Feudal Age
Mursustaja
9:37 Loom
11:52 Feudal Age
13:20 Wheelbarrow
16:49 Castle Age
14:51 Double-Bit Axe
14:50 Horse Collar
iaa4e
7:46 Loom
11:02 Feudal Age
15:54 Castle Age
14:16 Scale Barding Armor
15:35 Double-Bit Axe
Sageata
10:23 Feudal Age
12:38 Loom
15:19 Castle Age
13:31 Double-Bit Axe
13:52 Horse Collar
16:32 Bow Saw
16:30 Heavy Plow
HSL | errik
4:13 Loom
9:32 Feudal Age
9:40 Man-at-Arms
10:41 Double-Bit Axe
14:31 Fletching
蝴蝶
6:37 Loom
10:11 Feudal Age
14:42 Castle Age
13:17 Double-Bit Axe
13:18 Horse Collar
16:16 Wheelbarrow
16:20 Bow Saw
ahmady sulaymani
0:34 Loom
12:13 Feudal Age
12:46 Double-Bit Axe
15:41 Fletching
15:52 Padded Archer Armor
15:45 Horse Collar
Connection lost

Rejoining the realm…

Still unreachable

The connection could not be restored.

Session expired

The server has moved on; the page needs a fresh start.